 Dungeon Crawl Stone Soup version 0.29.0-4-gdea44cf6ec (webtiles) character file.

Game seed: 2461349713779720273

11 qw the Sneak (level 2, 0/19 HPs)
             Began as a Gargoyle Delver on Sept 10, 2022.
             Slain by an iguana (10 damage)
             ... on level 4 of the Dungeon.
             The game lasted 00:00:07 (359 turns).

qw the Sneak (Gargoyle Delver)                       Turns: 359, Time: 00:00:07

Health: 0/19       AC: 10    Str: 15    XL:     2   Next: 25%
Magic:  2/2        EV:  6    Int: 10    God:
Gold:   0          SH:  0    Dex: 11    Spells: 1/1 levels left

rFire   . . .      SeeInvis .   a - +0 hand axe
rCold   . . .      Faith    .   (no shield)
rNeg    + . .      Spirit   .   k - +0 chain mail
rPois   inf        Reflect  .   (no helmet)
rElec   +          Harm     .   (no cloak)
rCorr   .          Rampage  .   (no gloves)
Will    .....                   (no boots)
Stlth   ..........              (no amulet)
HPRegen 0.06/turn               (no ring)
MPRegen 0.08/turn               (no ring)

@: no status effects
A: sickness immunity, AC +2, negative energy resistance 1, electricity
resistance, torment resistance 1, petrification resistance
a: no special abilities


You were on level 4 of the Dungeon.
You visited 1 branch of the dungeon, and saw 2 of its levels.


Innate Abilities, Weirdness & Mutations

You are immune to sickness and miasma.
Your stone body is resilient. (AC +2)
You are immune to poison.
You resist negative energy. (rN+)
You are resistant to electric shocks. (rElec)
You are resistant to unholy torment.
You are immune to petrification.


   Skills:
 - Level 3.2 Fighting
 - Level 2.5 Axes
 + Level 0.4 Armour
 - Level 1.5 Dodging
 - Level 5.4 Stealth


You had one spell level left.
You didn't know any spells.
Your spell library was empty.

Inventory:

Hand Weapons
 a - a +0 hand axe (weapon)
 i - a +0 flail
Armour
 k - a +0 chain mail (worn)
Wands
 g - a wand of digging (3)
Potions
 f - a potion of haste
 j - a potion of attraction {unknown}

Dungeon Overview and Level Annotations

Branches:
Dungeon (5/15)
 Temple: D:4-7

Altars:


Message History

Found a stone staircase leading up.
A worm comes into view.
An endoplasm comes into view.
349 ||| Stepping ~*~*~tactically~*~*~ (stealth).
(D) Dungeon
Where to? (* - list waypoints, Enter - D:4, ? - help)
What level of the Dungeon? (default 1, ? - help)
An iguana comes into view.
There is an open door here.
You hit the hobgoblin.
The hobgoblin is moderately wounded.
The hobgoblin barely misses you.
You closely miss the hobgoblin.
The hobgoblin is moderately wounded.
The hobgoblin hits you.
The endoplasm jiggles.
You hit the hobgoblin.
The hobgoblin is severely wounded.
The hobgoblin hits you.
You hit the hobgoblin.
You kill the hobgoblin!
You barely miss the endoplasm. The endoplasm closely misses you.
You hit the endoplasm.
The endoplasm is almost dead.
The iguana hisses menacingly.
The endoplasm freezes you.
You are frozen.
You hit the endoplasm.
You kill the endoplasm!
The iguana closely misses you.
You hit the iguana. Your punch misses the iguana.
The iguana is lightly wounded.
You hit the worm.
The iguana bites you but does no damage.
You slash the worm!
The worm is severely wounded.
You closely miss the iguana. The worm completely misses you.
The iguana bites you!
Ouch! That really hurt!
You die...

#####
..#....###
......l@>#
......w#.#
..#....#.#
#....#.#
......#.#
.......#.#
.......#.#
#......#.#
#..


You could see a worm and an iguana.

Vanquished Creatures
  4 orcs (D:5)
  An endoplasm (D:4)
  A hobgoblin (D:4)
6 creatures vanquished.

Notes
Turn   | Place    | Note
-------+----------+-------------------------------------------
     0 | D:5      | qw the Gargoyle Delver began the quest for the Orb.
     0 | D:5      | Reached XP level 1. HP: 14/14 MP: 1/1
     0 | D:5      | 0 ||| qw: Version: 0.1-a-116-g5d60599
     0 | D:5      | 0 ||| qw: Game counter: 8276
     0 | D:5      | 0 ||| qw: Always use a shield: true
     0 | D:5      | 0 ||| qw: God list: Okawaru
     0 | D:5      | 0 ||| qw: Allow faded altars: false
     0 | D:5      | 0 ||| qw: Do Orc after D:15 true
     0 | D:5      | 0 ||| qw: Do second Lair branch before Depths: true
     0 | D:5      | 0 ||| qw: Lair rune preference: random
     0 | D:5      | 0 ||| qw: Plans: Normal
     0 | D:5      | 0 ||| PLANNING D:1-11
     2 | D:5      | 2 ||| Stepping ~*~*~tactically~*~*~ (stealth).
    37 | D:5      | HP: 3/14 [orc/+0 dagger (1)]
    39 | D:5      | Reached XP level 2. HP: 4/19 MP: 2/2
   315 | D:5      | 315 ||| UPGRADING to +0 scale mail.
   325 | D:5      | 325 ||| DROPPING +0 leather armour.
   326 | D:5      | 326 ||| UPGRADING to +0 chain mail.
   336 | D:5      | 336 ||| DROPPING +0 scale mail.
   337 | D:5      | 337 ||| DROPPING scroll of fog.
   338 | D:5      | 338 ||| DROPPING scroll of magic mapping.
   339 | D:5      | 339 ||| DROPPING scroll of fear.
   349 | D:4      | 349 ||| Stepping ~*~*~tactically~*~*~ (stealth).
   359 | D:4      | Slain by an iguana

Levels and vault maps discovered:
D:4:      layout_basic
D:5:      layout_cave_pools, mainiacjoe_overflow_catwalk,
          minmay_overflow_temple_star_quad

Skill      XL: |  1 |
---------------+----+-----
Axes           | 2 |  2.5
Fighting       | |  3.2
Armour         | |  0.4
Dodging        | |  1.5
Stealth        | |  5.4

Action                   || total
-------------------------++-------
Melee: Hand axe          ||    23
Armor: Leather armour    ||     2
       Chain mail        ||     1
Dodge: Dodged            ||    13

Table legend:
 A = Non-vault XP
 B = Vault XP
 C = Vault XP percentage of total XP
 D = Non-vault monster count
 E = Vault monster count
 F = Vault count percentage of total count
                 A         B        C        D         E       F
            +---------+---------+-------+---------+---------+-------
      Total |      16 |       0 |   0.0 |       6 |       0 |   0.0
            +---------+---------+-------+---------+---------+-------
        D:4 |       4 |       0 |   0.0 |       2 |       0 |   0.0
        D:5 |      12 |       0 |   0.0 |       4 |       0 |   0.0
            +---------+---------+-------+---------+---------+-------
